 Dungeon Crawl Stone Soup version 0.26-a0-639-g72c4674329 (webtiles) character file.

Game seed: 4010327066550344181

50366 toffzen the Basher (level 14, -3/132 HPs)
             Began as a Palentonga Berserker on Sept 16, 2020.
             Was the Champion of Trog.
             Slain by a sea snake (16 damage)
             ... on level 6 of the Lair of Beasts.
             The game lasted 00:29:37 (18005 turns).

toffzen the Basher (Palentonga Berserker)          Turns: 18005, Time: 00:29:37

Health: -3/132     AC: 19    Str: 22    XL:     14   Next: 19%
Magic:  14/14      EV: 10    Int:  9    God:    Trog [******]
Gold:   1011       SH: 21    Dex: 12    Spells: 13/13 levels left

rFire    + . .     SeeInvis +   a - +3 flail (protect)
rCold    x . .     Faith    .   z - +0 tower shield
rNeg     + . .     Spirit   .   p - +2 scale mail {rN+}
rPois    .         Reflect  +   G - +1 hat
rElec    .         Harm     .   F - +0 cloak
rCorr    .         Rampage  .   (no gloves)
MR       ++...                  (no barding)
Stlth    ..........             y - amulet of reflection
HPRegen  0.32/turn              t - ring of fire
MPRegen  0.14/turn              g - ring of protection from magic

@: protection aura, mesmerised, very slow
A: large, rugged brown scales 3, see invisible, deformed body, roll, armoured
tail
a: Rolling Charge, Berserk, Trog's Hand, Brothers in Arms, Renounce Religion


You were on level 6 of the Lair of Beasts.
You worshipped Trog.
Trog was exalted by your worship.
You visited 2 branches of the dungeon, and saw 15 of its levels.

You collected 1011 gold pieces.

Inventory:

Hand Weapons
 a - a +3 flail of protection (weapon)
 v - a +3 antimagic long sword
Missiles
 m - 533 stones (quivered)
 C - a throwing net
Armour
 p - a +2 scale mail of positive energy (worn)
 z - a +0 tower shield (worn)
 F - a +0 cloak (worn)
 G - a +1 hat (worn)
Jewellery
 g - a ring of protection from magic (right hand)
 t - a ring of fire (left hand)
 y - an amulet of reflection (around neck)
Wands
 o - a wand of flame (24)
 B - a wand of enslavement (32)
 D - a wand of digging (4)
 H - a wand of iceblast (10)
Scrolls
 d - 6 scrolls of identify
 e - 12 scrolls of remove curse
 f - a scroll of noise
 i - 8 scrolls of teleportation
 j - 2 scrolls of blinking
 n - a scroll of enchant armour
 s - 2 scrolls of magic mapping
 w - 2 scrolls of enchant weapon
 A - a scroll of immolation
 E - 2 scrolls of fear
Potions
 b - 2 potions of flight
 c - 4 potions of cancellation
 h - 2 potions of lignification
 k - 6 potions of heal wounds
 l - 2 potions of stabbing
 q - 7 potions of curing
 r - 2 potions of magic
 u - 3 potions of haste
 x - 4 potions of mutation


   Skills:
 + Level 11.0 Fighting
 * Level 14.3 Maces & Flails
 + Level 9.2 Armour
 + Level 9.1 Dodging
 + Level 8.1 Shields


You had 13 spell levels left.
You didn't know any spells.
Your spell library was empty.

Dungeon Overview and Level Annotations

Branches:
Dungeon (9/15)             Temple (0/1) D:4            Lair (6/6) D:9
 Shoals (0/4) Lair:2       Spider (0/4) Lair:2        Slime (0/5) Lair:5
    Orc: D:9-12

Altars:
Elyvilon
Jiyva

Shops:
D:4 *   D:6 =(   D:7 }

Annotations:
D:7 1 runed translucent door
Lair:1 exclusion: oklob plant


Innate Abilities, Weirdness & Mutations

You are completely covered in rugged brown scales. (AC +3, +7% HP)
You have supernaturally acute eyesight. (SInv)
Armour fits poorly on your strangely shaped body.
You can roll at foes to attack.
You have a long armoured tail.


Message History

You block the drowned soul's attack. You block the sea snake's attack.
You hit the merfolk avatar.
The merfolk avatar is severely wounded.
You hit the merfolk avatar.
Your tail-slap misses the merfolk avatar.
The merfolk avatar is severely wounded.
You block the sea snake's attack.
The merfolk avatar chants its luring song.
You hit the merfolk avatar but do no damage.
The merfolk avatar is severely wounded.
You block the sea snake's attack. The drowned soul touches you.
The drowned soul drowns you!
* * * LOW HITPOINT WARNING * * *
The merfolk avatar chants its luring song.
You sock the merfolk avatar!
The merfolk avatar is almost dead.
Your skin stops crawling.
You feel less resistant to hostile enchantments.
The sea snake bites you!
You die...

..≈.#≈#≈≈8*,≈≈≈≈≈≈≈≈.#8≈≈.≈.#..#.
..≈≈≈≈≈≈≈≈#≈≈≈≈P≈#≈≈≈#≈≈≈≈≈≈≈....
..≈≈≈≈≈≈≈≈#≈≈≈≈≈P≈≈≈≈#≈≈≈#≈≈≈≈...
..≈.#≈≈≈≈≈#≈≈≈≈≈≈≈≈≈≈#≈≈≈#≈#...##
...##≈#≈≈≈#≈≈≈?[[=≈≈≈≈≈≈≈#≈##...#
..≈≈≈≈≈≈*≈.≈≈≈:≈≈:≈≈≈≈≈8≈≈≈≈≈..##
...≈≈≈≈≈≈≈#≈≈≈(≈W[≈†≈≈≈8≈≈≈≈≈≈.#
..≈##≈#≈≈P.≈#≈|WmS≈≈≈≈≈≈≈#≈##≈.#
#.≈.#≈≈≈≈≈#≈≈≈≈≈@W≈≈≈#≈≈≈#≈##.≈*#
#≈.≈≈≈≈≈≈≈#≈≈≈≈W≈P≈P≈#≈≈≈#≈≈≈≈≈##
#≈≈≈≈≈≈≈≈≈#≈≈≈≈≈≈≈≈≈≈#≈≈≈≈≈≈≈≈#.#
#..##≈#≈≈8#8≈≈≈≈≈≈≈≈8#.≈≈#≈##..#.
P.≈##≈####################≈##....
...≈≈≈≈≈≈≈≈≈≈≈≈≈≈≈≈≈≈≈≈≈≈≈≈≈≈....
...≈≈≈≈≈≈≈≈≈≈≈≈≈≈≈≈≈≈≈≈≈≈≈≈≈≈....
...##≈≈#.≈≈..≈≈,*≈≈,,≈≈#.≈≈##....
...##≈≈##≈≈#.≈≈**≈≈*,≈≈.#≈≈##....


You could see a merfolk avatar (mesmerising), a sea snake and 4 drowned souls.

Vanquished Creatures
  Snorg (Lair:6)
  Harold (D:7)
  9 hydras
  5 catoblepae
  6 death yaks
  A fire crab (Lair:6)
  A harpy (Lair:6)
  A manticore (Lair:6)
  11 elephants
  Joseph (D:9)
  A merfolk siren (Lair:2)
  2 black mambas
  6 cane toads
  9 rime drakes
  10 komodo dragons
  8 polar bears
  A jumping spider (Lair:2)
  2 wind drakes (Lair:6)
  Grinder (D:6)
  2 hornets
  A slime creature (Lair:3)
  9 hippogriffs
  15 blink frogs
  3 redbacks (Lair:2)
  Eustachio (D:6)
  9 wyverns
  12 yaks
  A steam dragon (Lair:1)
  7 basilisks
  Edmund (D:6)
  7 water moccasins
  17 porcupines
  3 black bears (D:9)
  A sky beast (D:9)
  2 orc warriors
  2 phantoms
  3 centaurs
  5 ogres
  25 wolves
  9 crocodiles
  2 big kobolds
  20 bullfrogs
  A wyvern skeleton (D:8)
  5 scorpions
  A water moccasin skeleton (D:6)
  5 wights (D:7)
  10 killer bees
  3 howler monkeys (D:4)
  2 bullfrog zombies
  A centaur zombie (D:7)
  6 orc priests
  8 orc wizards
  A bullfrog skeleton (D:6)
  A centaur skeleton (D:4)
  4 hounds
  11 jellies
  Terence (D:2)
  5 iguanas
  8 worker ants
  A howler monkey skeleton (D:5)
  7 adders
  2 shadow imps (D:5)
  A white imp (D:9)
  An ufetubus (D:9)
  22 oozes
  5 adder skeletons
  An adder zombie (D:7)
  2 dart slugs
  12 leopard geckos
  43 orcs
  6 giant cockroaches
  4 goblins
  4 hobgoblins
  15 jackals
  24 kobolds
  2 quokkas
  3 ball pythons
  4 bats (D:1)
  5 frilled lizards
  A giant cockroach zombie (D:5)
  A jackal skeleton (D:5)
  A jackal zombie (D:8)
  A leopard gecko zombie (D:7)
  4 rats
479 creatures vanquished.

Vanquished Creatures (others)
  A wolf (Lair:6)
  57 fungi
  102 plants
  8 toadstools (D:2)
168 creatures vanquished.

Grand Total: 647 creatures vanquished

Notes
Turn   | Place    | Note
-------+----------+-------------------------------------------
     0 | D:1      | toffzen the Palentonga Berserker began the quest for the
                  | Orb.
     0 | D:1      | Reached XP level 1. HP: 20/20 MP: 1/1
   111 | D:1      | Reached XP level 2. HP: 27/27 MP: 2/2
   827 | D:2      | Reached XP level 3. HP: 33/33 MP: 3/3
   837 | D:2      | Reached ** piety under Trog
  1093 | D:2      | Noticed Terence
  1102 | D:2      | Killed Terence
  1102 | D:2      | Reached XP level 4. HP: 35/40 MP: 4/4
  1520 | D:2      | Reached XP level 5. HP: 32/49 MP: 5/5
  1536 | D:2      | Reached skill level 4 in Maces & Flails
  1756 | D:2      | Noticed a phantom
  2408 | D:4      | Reached XP level 6. HP: 32/55 MP: 6/6
  2590 | D:4      | Reached *** piety under Trog
  2746 | D:4      | Found a staircase to the Ecumenical Temple.
  2821 | D:4      | Reached XP level 7. HP: 64/64 MP: 7/7
  2847 | D:4      | Found Vuisuy's Assorted Antiques.
  3166 | D:4      | Reached skill level 5 in Maces & Flails
  3262 | D:4      | Reached skill level 5 in Fighting
  3408 | D:5      | Entered Level 5 of the Dungeon
  3587 | D:5      | Reached **** piety under Trog
  3605 | D:5      | Reached XP level 8. HP: 72/72 MP: 8/8
  3617 | D:5      | Reached skill level 6 in Maces & Flails
  3718 | D:5      | Reached skill level 1 in Shields
  4463 | D:6      | Noticed Eustachio
  4483 | D:6      | Reached skill level 7 in Maces & Flails
  4513 | D:6      | Killed Eustachio
  4558 | D:6      | Found Atuifej's Weapon Shoppe.
  4781 | D:6      | Reached XP level 9. HP: 78/80 MP: 9/9
  4840 | D:6      | Noticed Edmund
  4848 | D:6      | Killed Edmund
  4999 | D:6      | Noticed Grinder
  5004 | D:6      | Killed Grinder
  5095 | D:6      | Found Noamaja's Jewellery Boutique.
  5390 | D:7      | Noticed Harold
  5601 | D:7      | Reached skill level 5 in Dodging
  5713 | D:7      | Found Naholloeta's Gadget Shop.
  5744 | D:7      | Found a runed translucent door.
  5896 | D:7      | Reached skill level 8 in Maces & Flails
  5896 | D:7      | Reached skill level 5 in Armour
  5917 | D:7      | Reached ***** piety under Trog
  6269 | D:7      | Killed Harold
  6674 | D:8      | Reached XP level 10. HP: 92/92 MP: 10/10
  6838 | D:8      | Reached skill level 9 in Maces & Flails
  8274 | D:9      | Reached skill level 10 in Maces & Flails
  8341 | D:9      | Found a staircase to the Lair.
  8373 | D:9      | Found a white marble altar of Elyvilon.
  8403 | D:9      | Noticed Joseph
  8412 | D:9      | Killed Joseph
  8602 | Lair:1   | Entered Level 1 of the Lair of Beasts
  8603 | Lair:1   | Noticed an oklob plant
  8788 | Lair:1   | Reached XP level 11. HP: 100/100 MP: 11/11
  8827 | Lair:1   | Noticed an eight-headed hydra
  8837 | Lair:1   | Killed an eight-headed hydra
 10046 | Lair:2   | Noticed a catoblepas
 10054 | Lair:2   | Killed a catoblepas
 10054 | Lair:2   | Reached skill level 5 in Shields
 10204 | Lair:2   | Received a gift from Trog
 10247 | Lair:2   | Noticed a catoblepas
 10262 | Lair:2   | Killed a catoblepas
 10262 | Lair:2   | Reached skill level 11 in Maces & Flails
 10720 | Lair:2   | Noticed a catoblepas
 10724 | Lair:2   | Noticed a catoblepas
 10808 | Lair:2   | Killed a catoblepas
 10968 | Lair:2   | Killed a catoblepas
 10968 | Lair:2   | Reached XP level 12. HP: 111/111 MP: 12/12
 11109 | Lair:2   | Found a hole to the Spider Nest.
 11166 | Lair:2   | Found a staircase to the Shoals.
 11976 | Lair:3   | Noticed a death yak
 11977 | Lair:3   | Noticed a death yak
 11979 | Lair:3   | Noticed a death yak
 11980 | Lair:3   | Noticed a death yak
 11981 | Lair:3   | Noticed a death yak
 12004 | Lair:2   | Killed a death yak
 12019 | Lair:2   | Killed a death yak
 12229 | Lair:3   | Reached skill level 12 in Maces & Flails
 12346 | Lair:3   | Noticed a six-headed hydra
 12360 | Lair:3   | Killed a six-headed hydra
 12589 | Lair:3   | Reached ****** piety under Trog
 12805 | Lair:3   | Killed a death yak
 12885 | Lair:2   | Killed a death yak
 13289 | Lair:3   | Killed a death yak
 13805 | Lair:4   | Noticed a four-headed hydra
 13909 | Lair:4   | Killed a four-headed hydra
 14302 | Lair:4   | Noticed a catoblepas
 14303 | Lair:4   | Noticed a death yak
 14314 | Lair:4   | Killed a catoblepas
 14332 | Lair:4   | Killed a death yak
 14332 | Lair:4   | Reached XP level 13. HP: 66/120 MP: 13/13
 14657 | Lair:4   | Reached skill level 10 in Fighting
 14657 | Lair:4   | Reached skill level 13 in Maces & Flails
 15214 | Lair:5   | You fall into a shaft and drop 1 floor!
 15214 | Lair:6   | Entered Level 6 of the Lair of Beasts
 15214 | Lair:6   | Noticed Snorg
 15258 | Lair:6   | Killed Snorg
 15518 | Lair:6   | Received a gift from Trog
 15537 | Lair:5   | Found a viscous altar of Jiyva.
 15537 | Lair:5   | Found a staircase to the Slime Pits.
 16964 | Lair:5   | Reached skill level 14 in Maces & Flails
 17210 | Lair:6   | Reached XP level 14. HP: 118/130 MP: 14/14
 17775 | Lair:6   | Received a gift from Trog
 18005 | Lair:6   | Slain by a sea snake

Illustrated notes

Levels and vault maps discovered:
D:1:      minmay_arrival_wavy_path, layout_rooms, moated_statue
D:2:      cheibrodos_fertilizer, layout_loops_ring, uniq_terence
D:3:      layout_basic, kennysheep_cross_bottleneck
D:4:      layout_loops_ring, minmay_temple_entry_crystal_x,
          minmay_shop_grid_forest, nzn_random_ring
D:5:      layout_loops_ring, st_stairs_9
D:6:      layout_gridville, serial_shops, nicolae_shop_window_shopping,
          minmay_shop_enchanted_jewellery, nrook_campfire, uniq_eustachio,
          uniq_edmund, uniq_grinder
D:7:      layout_basic, serial_shops, shop, lightli_church_of_beogh, uniq_harold
D:8:      wander_river, layout_gridville
D:9:      layout_roguey, kennysheep_little_box, minmay_lair_entry_grove,
          uniq_joseph
Lair:1:   layout_cave_pods, lemuel_fruit_fields, grunt_megastairs_4,
          minmay_lair_oklob_chamber, lemuel_fruit_fields,
          infiniplex_staircase_pool_2
Lair:2:   layout_regular_city, minmay_shoals_entry_lonely_mermaid,
          nicolae_spider_entry_tight_spaces, st_stairs_4,
          cheibrodos_lair_lostbears
Lair:3:   lemuel_slime, layout_long_grid
Lair:4:   layout_loops_ring, minmay_stone_trees_small, nicolae_lair_yak_garden,
          grunt_megastairs_2
Lair:5:   layout_hall_layers, slime_altar_1, special_room
          [special_room_mythical_zoo], grunt_forest_small_clearing_treed
Lair:6:   gammafunk_lair_ancient_temple, layout_cellular_growth,
          grunt_forest_stairs_basic, uniq_snorg

Skill      XL: |  1  2  3  4  5  6  7  8  9 10 11 12 13 14 |
---------------+-------------------------------------------+-----
Dodging        | 2 3 4 5 6 7 8 9 |  9.1
Armour         | 2 3 4 5 6 7 8 9 |  9.2
Maces & Flails | 4 5 7 8 10 11 12 14 | 14.3
Fighting       | 4 5 6 7 9 10 11 | 11.0
Shields        | 2 3 4 5 6 7 8 |  8.1

Action                   |  1- 3 |  4- 6 |  7- 9 | 10-12 | 13-15 || total
-------------------------+-------+-------+-------+-------+-------++-------
Melee: Mace              |    81 |   113 |       |       |       ||   194
       Tailslap          |     5 |    17 |    54 |   147 |   107 ||   330
       Flail             |       |    38 |   397 |   852 |   545 ||  1832
Invok: Berserk           |     4 |     1 |     6 |    15 |     9 ||    35
       Trog's Hand       |     1 |       |     1 |     7 |     5 ||    14
 Abil: Rolling Charge    |    17 |    22 |    46 |    50 |    34 ||   169
  Use: Scroll            |       |     8 |     5 |    14 |     6 ||    33
       Potion            |       |       |       |       |     1 ||     1
 Stab: Petrified         |       |       |       |     5 |       ||     5
       Petrifying        |       |       |       |     1 |       ||     1
Armor: Animal skin       |    31 |       |       |       |       ||    31
       Scale mail        |       |    91 |   145 |   231 |   166 ||   633
Dodge: Dodged            |    36 |    63 |    53 |   140 |   135 ||   427
Block: Tower shield      |       |       |   324 |   774 |   583 ||  1681
       Reflection        |       |       |     8 |    12 |     3 ||    23

Table legend: (Time is in decaauts)
 A = Elapsed time spent in this place.
 B = Non-inter-level travel time spent in this place.
 C = Inter-level travel time spent in this place.
 D = Time resting spent in this place.
 E = Time spent auto-exploring this place.
 F = Levels seen in this place.
 G = Mean time per level.
                   A        B        C        D        E       F      G
               +--------+--------+--------+--------+--------+-----+--------+
         Total |  18312 |  17820 |    492 |   6223 |   7555 |  15 | 1220.8 |
       Dungeon |   8872 |   8597 |    275 |   2465 |   3874 |   9 |  985.8 |
          Lair |   9439 |   9223 |    216 |   3757 |   3680 |   6 | 1573.2 |
               +--------+--------+--------+--------+--------+-----+--------+

Top non-repeatable levels by time:
  Lair:2: 2262 daAuts
  Lair:1: 1543 daAuts
  Lair:4: 1443 daAuts
  Lair:3: 1440 daAuts
  Lair:5: 1403 daAuts
     D:7: 1358 daAuts
  Lair:6: 1347 daAuts
     D:6: 1290 daAuts
     D:4: 1118 daAuts
     D:2: 1033 daAuts
     D:8: 988 daAuts
     D:9: 903 daAuts
     D:1: 831 daAuts
     D:5: 750 daAuts
     D:3: 597 daAuts
